 Dungeon Crawl Stone Soup version 0.26.1-11-gd32895ea62 (webtiles) character file.

Game seed: 9622023752590711207

2615 phalm the Destroyer (level 9, -1/52 HPs)
             Began as a Deep Elf Conjurer on June 20, 2021.
             Was a Priest of Vehumet.
             Slain by an ice beast (9 damage)
             ... on level 8 of the Dungeon.
             The game lasted 00:16:38 (8569 turns).

phalm the Destroyer (Deep Elf Conjurer)             Turns: 8569, Time: 00:16:38

Health: -1/52      AC:  7    Str:  4    XL:     9   Next: 34%
Magic:  16/21      EV: 13    Int: 27    God:    Vehumet [***...]
Gold:   460        SH:  0    Dex: 19    Spells: 8/22 levels left

rFire    . . .     SeeInvis .   t - +0 rapier (distort) {!w}
rCold    . . .     Faith    +   (no shield)
rNeg     . . .     Spirit   .   a - +0 robe
rPois    +         Reflect  .   x - +1 helmet
rElec    .         Harm     .   C - +1 cloak
rCorr    .         Rampage  .   (no gloves)
Will     .....                  s - +0 pair of boots
Stlth    ++........             T - amulet of faith {!P}
HPRegen  0.17/turn              D - +6 ring of dexterity
MPRegen  0.17/turn              P - ring of poison resistance

@: about to teleport
A: no striking features
a: Renounce Religion


You were on level 8 of the Dungeon.
You worshipped Vehumet.
Vehumet was most pleased with you.
You visited 2 branches of the dungeon, and saw 9 of its levels.

You collected 484 gold pieces.
You spent 24 gold pieces at shops.


   Skills:
 + Level 3.8 Fighting
 - Level 2.4 Dodging
 - Level 2.4 Stealth
 + Level 7.1 Spellcasting
 + Level 8.4 Conjurations
 * Level 6.5 Hexes
 * Level 6.4 Translocations
 * Level 1.8 Air Magic
 * Level 1.9 Poison Magic


You had 8 spell levels left.
You knew the following spells:

 Your Spells              Type           Power        Failure   Level
c - Mephitic Cloud        Conj/Pois/Air  31%          1%          3
f - Fulminant Prism       Conj/Hex       25%          1%          4
m - Magic Dart            Conj           100%         1%          1
s - Searing Ray           Conj           100%         1%          2
X - Iskenderun's Mystic   Conj/Tloc      49%          1%          4

Your spell library contained the following spells:

 Spells                   Type           Power        Failure   Level
 Dazzling Flash           Conj/Hex       100%         1%          3

Inventory:

Hand Weapons
 i - a +0 hunting sling
   (You found it on level 1 of the Dungeon)
 t - a +0 rapier of distortion (weapon) {!w}
   (You found it on level 2 of the Dungeon)
Missiles
 f - a throwing net {=f!f}
 h - 3 boomerangs
 j - 50 sling bullets
 k - 84 arrows
 o - 292 stones (quivered)
 u - 61 bolts
Armour
 a - a +0 robe (worn)
 s - a +0 pair of boots (worn)
   (You found it on level 2 of the Dungeon)
 x - a +1 helmet (worn)
   (You took it off Robin on level 4 of the Dungeon)
 C - a +1 cloak (worn)
   (You found it on level 6 of the Dungeon)
Jewellery
 D - a +6 ring of dexterity (left hand)
   (You found it on level 2 of the Dungeon)
 P - a ring of poison resistance (right hand)
   (You found it on level 5 of the Dungeon)
 T - an amulet of faith (around neck) {!P}
   (You found it on level 7 of the Dungeon)
Wands
 E - a wand of random effects (16)
   (You found it on level 7 of the Dungeon)
Scrolls
 e - 3 scrolls of teleportation {@r4}
 l - a scroll of immolation {!r!r}
 n - 3 scrolls of amnesia
 r - 3 scrolls of remove curse {@r2}
 y - 4 scrolls of identify {@r1}
 B - a scroll of vulnerability {!r!r}
Potions
 b - 2 potions of brilliance
 c - a potion of magic {unknown}
 g - a potion of berserk rage {unknown}
 m - 8 potions of heal wounds {@q2}
 p - 4 potions of curing {@q1}
 q - 2 potions of degeneration {unknown}
 v - 2 potions of lignification {unknown}
 w - a potion of attraction {unknown}
 z - 2 potions of haste {unknown}
 A - a potion of invisibility {unknown}

Dungeon Overview and Level Annotations

Branches:
Dungeon (8/15)             Temple (1/1) D:4
   Lair: D:8-11

Altars:
Ashenzari
Dithmenos
Elyvilon
Fedhas
Gozag
Kikubaaqudgha
Makhleb
Nemelex Xobeh
Okawaru
Qazlal
Ru
Sif Muna
Trog
Uskayaw
Vehumet
Wu Jian
Xom
Yredelemnul
Zin
The Shining One

Shops:
D:6 ?   D:7 (

Annotations:
D:6 3 runed translucent doors, bigdumb's ghost, novice DgFi

############.#..≈≈..
#########.# .≈Y.∩
#.)####....g....##h≈≈..
.g....g...Yh.YZ...Z.≈..
..#####.#######.##..≈≈.
#.# #.# .... #5# #.#
.;≈ #Y# #.# ≈≈ #@# #.#
≈ #.# #.. #.. ... ####


You could see an ice beast, a gnoll and a white imp.


Message History

😮 HP[-21] MP[-1]
You take 21 damage, and now have 30/52 hp.
MASSIVE DAMAGE!! (PAUSE)
You lost 1 mp, and now have 19/21 mp.
The searing ray hits the ogre!
You kill the ogre!
Vehumet accepts your kill.
The gnoll shouts! 😮 MP[-1]
You lost 1 mp, and now have 18/21 mp. 😮 HP[+1] 😮 MP[+1] As you open the door, it creaks loudly!
A yak and a black bear come into view.
The black bear growls angrily.
The yak bellows!
Something shouts, "Scamper hence, thou lily-hearted rude-growing jarkman!"
Something shouts, "Back with thee, thou flimsy hell-hated pignut!"
You hear a shout!
A bullfrog simulacrum comes into view. 😮 HP[+1]
Casting: Searing Ray (safe; 1% risk of failure)
Confirm with . or Enter, or press ? or * to list all spells.
You erupt in a blast of force!
The mystic blast hits the black bear!
The black bear is knocked back by the mystic blast.
You hear a howl!
A wolf comes into view. 😮 MP[-4]
You lost 4 mp, and now have 15/21 mp.
You close the door. 😮 MP[+1]
An ice beast, an electric eel, a white imp and a simulacrum come into view.
The wolf howls!
The ice beast moves out of view.
The wolf barely misses you.
An ice beast comes into view.
The wolf bites you!
* * * LOW HITPOINT WARNING * * *
😨 HP[-10]
You take 10 damage, and now have 22/52 hp.
Unknown command.
The wolf barely misses you. The gnoll barely misses you. 😨 MP[+1]
The wolf bites you but does no damage. The wolf bites you.
* * * LOW HITPOINT WARNING * * *
😨 HP[-2]
You take 2 damage, and now have 20/52 hp.
The wolf closely misses you. 😨 HP[+1]
Casting: Iskenderun's Mystic Blast (dangerous; 1% risk of failure)
Confirm with . or Enter, or press ? or * to list all spells.
You don't know that spell.
Casting: Iskenderun's Mystic Blast (dangerous; 1% risk of failure)
Confirm with . or Enter, or press ? or * to list all spells.
Aiming: Mephitic Cloud (safe; 1% risk of failure)
Press: ? - help, Shift-Dir - straight line, f - wolf
Aim: a wolf The ball explodes into a vile cloud!
The stinking cloud engulfs the wolf but does no damage.
The stinking cloud engulfs you but does no damage.
The stinking cloud engulfs the gnoll but does no damage.
The stinking cloud engulfs the white imp but does no damage.
You hear a shout!
The wolf is engulfed in noxious fumes.
The wolf appears confused.
The wolf bites you.
* * * LOW HITPOINT WARNING * * *
The gnoll is engulfed in noxious fumes.
The gnoll appears confused.
The wolf is engulfed in noxious fumes.
The wolf appears confused.
The wolf closely misses you. 😨 HP[-6] MP[-3]
You take 6 damage, and now have 15/52 hp.
You lost 3 mp, and now have 14/21 mp.
The wolf is engulfed in noxious fumes.
The white imp gestures at you. The puff of frost hits you!
* * * LOW HITPOINT WARNING * * *
The gnoll hits the wolf with a +0 halberd.
The wolf is engulfed in noxious fumes.
The wolf appears confused. 😱 HP[-7] MP[+1]
You take 7 damage, and now have 8/52 hp.
The wolf is engulfed in noxious fumes.
The wolf appears confused.
The wolf bites the gnoll.
The gnoll hits the wolf but does no damage.
The yak is engulfed in noxious fumes.
The yak appears confused.
The white imp gestures at you. The puff of frost misses you.
The wolf is engulfed in noxious fumes.
The wolf appears confused.
The wolf bites the yak.
The yak is engulfed in noxious fumes.
The yak appears confused.
The yak gores the wolf!
Something gores the white imp. 😱 HP[+1]
The white imp shouts, "Get thee gone, thou puny idle-headed vassal!" 😱 MP[+1]
As you read the scroll of teleportation {@r4}, it crumbles to dust.
You feel strangely unstable. The ice beast hits you.
* * * LOW HITPOINT WARNING * * *
The ice beast freezes you!
You die...

Skill      XL: |  1  2  3  4  5  6  7  8  9 |
---------------+----------------------------+-----
Conjurations   | 5 6 7 8 |  8.4
Fighting       | 1 2 3 |  3.8
Spellcasting   | 4 5 6 7 |  7.1
Translocations | 1 2 3 4 6 |  6.4
Hexes          | 1 2 3 5 6 |  6.5
Poison Magic   | 1 |  1.9
Air Magic      | 1 |  1.8
Dodging        | |  2.4
Stealth        | |  2.4

Action                   |  1- 3 |  4- 6 |  7- 9 || total
-------------------------+-------+-------+-------++-------
Melee: Rapier            |       |       |    24 ||    24
Throw: Stone             |       |       |     7 ||     7
 Cast: Magic Dart        |    92 |   102 |   116 ||   310
       Searing Ray       |       |    10 |    41 ||    51
       Iskenderun's Myst |       |       |     4 ||     4
       Fulminant Prism   |       |       |     3 ||     3
       Mephitic Cloud    |       |       |     3 ||     3
  Use: Scroll            |       |       |     9 ||     9
 Stab: Confused          |       |       |     1 ||     1
Armor: Robe              |     1 |     1 |    17 ||    19
Dodge: Dodged            |     5 |     5 |    53 ||    63

Levels and vault maps discovered:
D:1:      nicolae_arrival_somewhat_less_tricky_arrival, layout_basic,
          grunt_decor_one_mirror, palyth_stone_intersect
D:2:      layout_loops_ring, nicolae_dithmenos_shadow_blocks, nrook_mini_vaults
D:3:      layout_rooms, kennysheep_path_1, minmay_stone_trees_medium,
          doesnt_xom_only_xom
D:4:      layout_basic, kennysheep_mini_moat, lightli_temple_of_fire,
          minmay_temple_entry_tees, uniq_robin, uniq_blork_the_orc,
          uniq_crazy_yiuf_cottage
D:5:      layout_loops_ring, old_standard_altar, serial_bayou_pond_e
D:6:      layout_gridville, gammafunk_ghost_nasty_kobolds, serial_shops,
          nicolae_shop_behind_doors
D:7:      layout_basic, general_overflow_altar, serial_shops,
          nicolae_shop_crystal, minmay_misc_feat_more_columns, minmay_circle_x
D:8:      layout_basic, gammafunk_temple_overflow_statue, serial_ice,
          serial_ice_i, serial_ice_d, serial_ice_h, serial_ice_a, special_room
          [special_room_kobold], enter_ossuary_5
Temple:   eino_wide_crystal_templ

Notes
Turn   | Place    | Note
-------+----------+-------------------------------------------
     0 | D:1      | phalm the Deep Elf Conjurer began the quest for the Orb.
     0 | D:1      | Reached XP level 1. HP: 10/10 MP: 6/6
     0 | D:1      | magus.rc [v1.9.10]
   280 | D:1      | Reached XP level 2. HP: 16/16 MP: 2/8
   283 | D:1      | Learned a level 2 spell: Searing Ray
   861 | D:1      | Reached skill level 5 in Conjurations
   861 | D:1      | Reached XP level 3. HP: 20/20 MP: 6/10
  1042 | D:1      | Reached skill level 1 in Fighting
  1328 | D:2      | Found a shadowy altar of Dithmenos.
  2272 | D:3      | Reached XP level 4. HP: 25/25 MP: 8/11
  2279 | D:2      | Learned a level 4 spell: Iskenderun's Mystic Blast
  2796 | D:3      | Found a hide-covered altar of Uskayaw.
  2815 | D:3      | Found a shimmering altar of Xom.
  2815 | D:3      | Found a basalt altar of Yredelemnul.
  2817 | D:3      | Found a burning altar of Makhleb.
  2817 | D:3      | Found a stormy altar of Qazlal.
  2817 | D:3      | Found a burning altar of Makhleb.
  2913 | D:3      | Reached skill level 4 in Spellcasting
  2913 | D:3      | Reached skill level 1 in Translocations
  3089 | D:4      | Learned a level 4 spell: Fulminant Prism
  3119 | D:4      | Found a staircase to the Ecumenical Temple.
  3135 | Temple   | Entered the Ecumenical Temple
  3185 | Temple   | Became a worshipper of Vehumet
  3221 | D:4      | Reached skill level 1 in Hexes
  3221 | D:4      | Reached XP level 5. HP: 30/30 MP: 6/13
  3321 | D:4      | Found a runed translucent door.
  3322 | D:4      | Noticed Crazy Yiuf
  3421 | D:4      | Reached skill level 2 in Translocations
  3573 | D:4      | Noticed Blork the orc
  3581 | D:4      | Killed Blork the orc
  3582 | D:4      | Reached skill level 6 in Conjurations
  3582 | D:4      | Reached skill level 2 in Hexes
  3582 | D:4      | Reached XP level 6. HP: 28/35 MP: 5/14
  3798 | D:4      | Found a bloodstained altar of Trog.
  3857 | D:4      | Reached skill level 2 in Fighting
  4098 | D:4      | Reached skill level 3 in Hexes
  4098 | D:4      | Reached skill level 3 in Translocations
  4290 | D:4      | Noticed Robin
  4298 | D:4      | Killed Robin
  4398 | D:4      | Found a glowing silver altar of Zin.
  4470 | D:4      | Killed Crazy Yiuf
  4564 | D:5      | Entered Level 5 of the Dungeon
  4572 | D:5      | Reached XP level 7. HP: 40/40 MP: 9/16
  4908 | D:5      | Reached * piety under Vehumet
  4908 | D:5      | Offered knowledge of Freeze by Vehumet.
  5174 | D:5      | Reached skill level 5 in Spellcasting
  5174 | D:5      | Reached skill level 4 in Hexes
  5211 | D:5      | Found a hide-covered altar of Uskayaw.
  5662 | D:5      | Reached skill level 4 in Translocations
  5726 | D:6      | Reached skill level 7 in Conjurations
  6127 | D:6      | Reached skill level 5 in Hexes
  6127 | D:6      | Reached XP level 8. HP: 37/45 MP: 13/18
  6352 | D:6      | Reached skill level 3 in Fighting
  6352 | D:6      | Reached skill level 5 in Translocations
  6583 | D:6      | Found a runed translucent gate.
  6585 | D:6      | Noticed a kobold demonologist
  6586 | D:6      | Found a runed translucent gate.
  6587 | D:6      | Found a runed translucent gate.
  6590 | D:6      | Noticed bigdumb's ghost (novice DgFi)
  6703 | D:6      | Found Raocyadd's Magic Scroll Emporium.
  6712 | D:6      | Bought a scroll of identify for 24 gold pieces
  6769 | D:6      | Reached skill level 6 in Hexes
  6795 | D:6      | Offered knowledge of Foxfire by Vehumet.
  6796 | D:6      | Reached skill level 6 in Spellcasting
  6801 | D:6      | Reached ** piety under Vehumet
  7041 | D:7      | Reached skill level 8 in Conjurations
  7331 | D:7      | Reached skill level 6 in Translocations
  7399 | D:7      | Found Sututod's Antique Weapon Emporium.
  7554 | D:7      | Offered knowledge of Mephitic Cloud by Vehumet.
  7555 | D:7      | Reached XP level 9. HP: 51/51 MP: 13/21
  7559 | D:7      | Learned a level 3 spell: Mephitic Cloud
  7712 | D:7      | Reached skill level 1 in Poison Magic
  7815 | D:7      | Reached skill level 1 in Air Magic
  8234 | D:7      | Reached skill level 7 in Spellcasting
  8354 | D:7      | Found an opulent altar of Gozag.
  8539 | D:8      | Reached *** piety under Vehumet
  8562 | D:8      | HP: 8/52 [white imp/puff of frost (7)]
  8569 | D:8      | HP: 8/52 [ice beast (1)]
  8569 | D:8      | Slain by an ice beast

Vanquished Creatures
  A black bear (D:7)
  4 ogres
  2 phantoms (D:6)
  3 centaurs
  Blork the orc (D:4)
  3 bullfrogs (D:6)
  2 scorpions (D:4)
  4 killer bees (D:7)
  3 wights (D:6)
  A jelly (D:7)
  A bullfrog zombie (D:5)
  2 centaur skeletons (D:5)
  4 hounds
  4 orc priests
  7 orc wizards
  Crazy Yiuf (D:4)
  An iguana (D:7)
  8 worker ants
  A killer bee zombie (D:7)
  A hound skeleton (D:6)
  A worker ant zombie (D:7)
  Robin (D:4)
  A howler monkey skeleton (D:7)
  2 gnolls (D:8)
  3 adders
  2 shadow imps (D:5)
  A white imp (D:7)
  An ooze (D:1)
  2 adder skeletons
  3 worms
  3 dart slugs
  A leopard gecko (D:1)
  26 orcs
  11 bats
  8 giant cockroaches
  12 goblins
  11 hobgoblins
  2 jackals (D:1)
  4 quokkas
  2 ball pythons
  8 frilled lizards
  7 kobolds
  A quokka skeleton (D:5)
  A quokka zombie (D:7)
  7 rats
175 creatures vanquished.

Vanquished Creatures (others)
  3 fulminant prisms (D:7)
  A fungus (D:6)
  4 plants
8 creatures vanquished.

Grand Total: 183 creatures vanquished

Table legend:
 A = Non-vault XP
 B = Vault XP
 C = Vault XP percentage of total XP
 D = Non-vault monster count
 E = Vault monster count
 F = Vault count percentage of total count
                 A         B        C        D         E       F
            +---------+---------+-------+---------+---------+-------
      Total |    3403 |     333 |   8.9 |     159 |      17 |   9.7
            +---------+---------+-------+---------+---------+-------
        D:1 |      52 |       0 |   0.0 |      27 |       0 |   0.0
        D:2 |      42 |       0 |   0.0 |      19 |       0 |   0.0
        D:3 |      72 |       0 |   0.0 |      18 |       0 |   0.0
        D:4 |     352 |     171 |  32.7 |      16 |      14 |  46.7
        D:5 |     452 |       0 |   0.0 |      16 |       0 |   0.0
        D:6 |    1086 |       0 |   0.0 |      27 |       0 |   0.0
        D:7 |    1096 |     162 |  12.9 |      32 |       3 |   8.6
        D:8 |     251 |       0 |   0.0 |       4 |       0 |   0.0
            +---------+---------+-------+---------+---------+-------

Illustrated notes

Table legend:
 A = Kills in this place as a percentage of kills in entire the game.
 B = Kills by you in this place as a percentage of kills by you in the entire game.
 C = Kills by friends in this place as a percentage of kills by friends in the entire game.
 D = Other kills in this place as a percentage of other kills in the entire game.
 E = Experience gained in this place as a percentage of experience gained in the entire game.
 F = Experience gained in this place divided by the number of levels of this place that you have seen.
                   A       B       C       D       E      F
               +-------+-------+-------+-------+-------+----------------------
         Total | 100.0 | 100.0 |   N/A | 100.0 | 100.0 | 415.1
       Dungeon | 100.0 | 100.0 |   N/A | 100.0 | 100.0 | 467.0
               +-------+-------+-------+-------+-------+----------------------

Table legend: (Time is in decaauts)
 A = Elapsed time spent in this place.
 B = Non-inter-level travel time spent in this place.
 C = Inter-level travel time spent in this place.
 D = Time resting spent in this place.
 E = Time spent auto-exploring this place.
 F = Levels seen in this place.
 G = Mean time per level.
                   A        B        C        D        E       F      G
               +--------+--------+--------+--------+--------+-----+--------+
         Total |   8579 |   8315 |    264 |    100 |   7291 |   9 |  953.2 |
       Dungeon |   8502 |   8254 |    248 |    100 |   7236 |   8 | 1062.8 |
        Temple |     76 |     60 |     16 |      0 |     55 |   1 |   76.0 |
               +--------+--------+--------+--------+--------+-----+--------+

Top non-repeatable levels by time:
     D:7: 1508 daAuts
     D:4: 1468 daAuts
     D:5: 1269 daAuts
     D:1: 1264 daAuts
     D:2: 1026 daAuts
     D:3: 947 daAuts
     D:6: 920 daAuts
     D:8: 97 daAuts
  Temple: 76 daAuts
